 Dungeon Crawl Stone Soup version 0.30-a0-4-ga7cffc901d (webtiles) character file.

Game seed: 3732146901724272808

70 Setbun the Cutter (level 4, -4/26 HPs)
             Began as a Kobold Brigand on Aug 20, 2022.
             Slain by an orc
             ... wielding a +0 trident of protection
              (7 damage)
             ... on level 4 of the Dungeon.
             The game lasted 00:01:17 (1457 turns).

Setbun the Cutter (Kobold Brigand)                  Turns: 1457, Time: 00:01:18

Health: -4/26      AC:  7    Str:  8    XL:     4   Next: 45%
Magic:  4/4        EV: 14    Int: 12    God:
Gold:   57         SH:  0    Dex: 18    Spells: 3/3 levels left

rFire   . . .      SeeInvis .    a - +2 dagger
rCold   . . .      Faith    .    (no shield)
rNeg    . . .      Spirit   .    b - +0 robe
rPois   .          Reflect  .    (no helmet)
rElec   .          Harm     .    c - +0 cloak
rCorr   .          Rampage  .    (no gloves)
Will    .....                    (no boots)
Stlth   ++++......               (no amulet)
HPRegen 0.08/turn                f - +4 ring of protection
MPRegen 0.09/turn                (no ring)

@: no status effects
A: small, no large weapons, nightstalker 3
a: no special abilities


You were on level 4 of the Dungeon.
You visited 1 branch of the dungeon, and saw 4 of its levels.

You collected 57 gold pieces.

Inventory:

Hand Weapons
 a - a +2 dagger (weapon)
Missiles
 d - 14 poisoned darts (quivered)
 e - 3 curare-tipped darts
Armour
 b - a +0 robe (worn)
 c - a +0 cloak (worn)
Jewellery
 f - a +4 ring of protection (left hand)
 h - a ring of positive energy
Potions
 g - 2 potions of flight {unknown}


   Skills:
 - Level 2.1 Fighting
 * Level 5.8 Short Blades
 - Level 2.1 Throwing
 - Level 1.2 Dodging
 - Level 5.3 Stealth


You had 3 spell levels left.
You didn't know any spells.
Your spell library was empty.

Dungeon Overview and Level Annotations

Branches:
Dungeon (4/15)
 Temple: D:4-7

Altars:


Innate Abilities, Weirdness & Mutations

You are small and have problems with some larger weapons.
You are completely attuned to the shadows.


Message History

You barely miss the orc. The orc misses you.
You hit the orc.
The orc is lightly wounded.
The orc closely misses you.
You barely miss the orc.
The orc is lightly wounded.
You hit the orc but do no damage.
The orc is lightly wounded.
The orc hits you with a +0 trident of protection!
You hit the orc but do no damage. Your punch misses the orc.
The orc is lightly wounded.
The orc hits you with a +0 trident of protection.
You barely miss the orc. You closely miss the orc. The orc barely misses you.
You hit the orc but do no damage.
The orc hits you with a +0 trident of protection.
You are too injured to fight recklessly!
You are too injured to fight recklessly!
You are too injured to fight recklessly!
You are too injured to fight recklessly!
You are too injured to fight recklessly!
You are too injured to fight recklessly!
You are too injured to fight recklessly!
You are too injured to fight recklessly!
You are too injured to fight recklessly!
You are too injured to fight recklessly!
You hit the orc but do no damage.
The orc hits you with a +0 trident of protection!
* * * LOW HITPOINT WARNING * * *
You closely miss the orc. You hit the orc but do no damage.
The orc closely misses you.
You hit the orc but do no damage.
The orc hits you with a +0 trident of protection.
* * * LOW HITPOINT WARNING * * *
You hit the orc but do no damage. You hit the orc but do no damage.
The orc hits you but does no damage.
You hit the orc.
The orc is severely wounded.
The orc hits you with a +0 trident of protection!
You die...

# #.# ##.#######
####...##.†.#
#.)....o@...# #######
#.##...##..<#
..oo..###.###.####)##
..##.#.##.###..###.#
..#.###........o...#
.o#..#.##.####.#####
..#.#)###.# #.#
J.#.#.# #.# #.#
###.#.# #.####.####


You could see an orc.

Vanquished Creatures
  Natasha (D:4)
  A gnoll (D:1)
  A dart slug (D:1)
  An orc (D:4)
  3 bats (D:1)
  4 endoplasms (D:1)
  5 goblins
  2 hobgoblins (D:1)
  4 kobolds
  3 ball pythons (D:1)
  2 frilled lizards (D:1)
  2 rats (D:1)
29 creatures vanquished.

Notes
Turn   | Place    | Note
-------+----------+-------------------------------------------
     0 | D:1      | Setbun the Kobold Brigand began the quest for the Orb.
     0 | D:1      | Reached XP level 1. HP: 12/12 MP: 1/1
   204 | D:1      | Reached XP level 2. HP: 17/17 MP: 2/2
   333 | D:1      | Found a faded altar of an unknown god.
   456 | D:1      | Reached XP level 3. HP: 21/21 MP: 3/3
   941 | D:1      | Reached skill level 5 in Short Blades
  1277 | D:2      | You fall into a shaft and drop 2 floors!
  1361 | D:4      | Noticed Natasha
  1365 | D:4      | Killed Natasha
  1366 | D:4      | Reached XP level 4. HP: 20/26 MP: 4/4
  1457 | D:4      | Slain by an orc

Illustrated notes

Levels and vault maps discovered:
D:1:      psy_arrival_radial02, layout_basic,
          hellmonk_ecumenical_altar_leap_of_faith
D:2:      kennysheep_big_flooded_room, layout_loops_ring, minmay_bisected
D:3:      layout_loops_ring, lemuel_round_altar, minmay_close_crescents,
          uniq_jessica
D:4:      layout_loops_ring, uniq_natasha

Skill      XL: |  1  2  3 |
---------------+----------+-----
Short Blades   | 3 4 5 |  5.8
Fighting       | |  2.1
Throwing       | |  2.1
Dodging        | |  1.2
Stealth        | |  5.3

Action                   |  1- 3 |  4- 6 || total
-------------------------+-------+-------++-------
Melee: Dagger            |    78 |    18 ||    96
 Stab: Sleeping          |    13 |       ||    13
Armor: Robe              |    21 |     1 ||    22
Dodge: Dodged            |    46 |     5 ||    51

Table legend: (Time is in decaauts)
 A = Elapsed time spent in this place.
 B = Non-inter-level travel time spent in this place.
 C = Inter-level travel time spent in this place.
 D = Time resting spent in this place.
 E = Time spent auto-exploring this place.
 F = Levels seen in this place.
 G = Mean time per level.
                   A        B        C        D        E       F      G
               +--------+--------+--------+--------+--------+-----+--------+
         Total |   1434 |   1410 |     24 |    289 |    920 |   4 |  358.5 |
       Dungeon |   1434 |   1410 |     24 |    289 |    920 |   4 |  358.5 |
               +--------+--------+--------+--------+--------+-----+--------+

Top non-repeatable levels by time:
     D:1: 1243 daAuts
     D:4: 105 daAuts
     D:3: 67 daAuts
     D:2: 18 daAuts
